NYP
SALEM-KEIZER VOLCANOES @ STATE COLLEGE SPIKES
09/06/2049
 
TOP OF THE 1ST
Salem-Keizer Volcanoes batting - Pitching for State College Spikes : LHP Eddie San Miguel
Pitching: LHP Eddie San Miguel
Batting: RHB Adrian Martinelli 0-0: Ball
1-0: Called Strike
1-1: Ball
2-1: Ground out 5-3 (Groundball, 56S, EV 76.2 MPH)
Batting: RHB Tony Logan 0-0: Ball
1-0: Ball
2-0: Ball
3-0: Foul Ball, location: 2F
3-1: Base on Balls
Batting: LHB Adrian Navarro 0-0: Called Strike
0-1: Called Strike
0-2: Foul Ball, location: 2F
0-2: Strikes out looking
Batting: LHB Ben Radach 0-0: Swinging Strike
0-1: Ball
Tony Logan steals 2nd base
1-1: Foul Ball, location: 2F
1-2: Ground out U3 (Groundball, 3, EV 102.5 MPH)
Top of the 1st over - 0 runs, 0 hits, 0 errors, 1 left on base; Salem-Keizer 0 - State College 0
BOTTOM OF THE 1ST
State College Spikes batting - Pitching for Salem-Keizer Volcanoes : RHP Davion Jones
Pitching: RHP Davion Jones
Batting: RHB Ben Politi 0-0: Called Strike
0-1: Called Strike
0-2: Ball
1-2: Strikes out looking
Batting: RHB Shou-feng Chang 0-0: Ground out 5-3 (Groundball, 56S, EV 86.2 MPH)
Batting: LHB Ken Morehead 0-0: Ball
1-0: Swinging Strike
1-1: Swinging Strike
1-2: Strikes out looking
Bottom of the 1st over - 0 runs, 0 hits, 0 errors, 0 left on base; Salem-Keizer 0 - State College 0
TOP OF THE 2ND
Salem-Keizer Volcanoes batting - Pitching for State College Spikes : LHP Eddie San Miguel
Batting: LHB Chris Raymond 0-0: Called Strike
0-1: Ball
1-1: Foul Ball, location: 2F
1-2: Foul Ball, location: 2F
1-2: Foul Ball, location: 2F
1-2: Fly out, F9 (Flyball, 89M, EV 95.0 MPH)
Batting: LHB Mike Sammons 0-0: Ball
1-0: Called Strike
1-1: Ball
2-1: Fly out, F7 (Flyball, 7D, EV 93.8 MPH)
Batting: RHB Andy Cunningham 0-0: Called Strike
0-1: Ball
1-1: Called Strike
1-2: Ground out U3 (Groundball, 34, EV 78.1 MPH)
Top of the 2nd over - 0 runs, 0 hits, 0 errors, 0 left on base; Salem-Keizer 0 - State College 0
BOTTOM OF THE 2ND
State College Spikes batting - Pitching for Salem-Keizer Volcanoes : RHP Davion Jones
Batting: SHB Justin Houser 0-0: Ball
1-0: Called Strike
1-1: Ball
2-1: Foul Ball, location: 2F
2-2: Foul Ball, location: 2F
2-2: Ball
3-2: Foul Ball, location: 2F
3-2: Ground out 3-1 (Groundball, 34S, EV 86.2 MPH)
Batting: RHB Nelson Salamanca 0-0: Called Strike
0-1: Swinging Strike
0-2: Strikes out swinging
Batting: RHB Sal Guzman 0-0: Ball
1-0: Foul Ball, location: 2F
1-1: Ball
2-1: Foul Ball, location: 2F
2-2: Ball
3-2: Fly out, F8 (Line Drive, 8LD, EV 85.0 MPH)
Bottom of the 2nd over - 0 runs, 0 hits, 0 errors, 0 left on base; Salem-Keizer 0 - State College 0
TOP OF THE 3RD
Salem-Keizer Volcanoes batting - Pitching for State College Spikes : LHP Eddie San Miguel
Batting: RHB Matt Fabre 0-0: Ball
1-0: Ball
2-0: Foul Ball, location: 2F
2-1: Fly out, F9 (Flyball, 9, EV 93.8 MPH)
Batting: LHB Joe Hoover 0-0: Fly out, F9 (Flyball, 89S, EV 93.1 MPH)
Batting: RHB Adrian Martinelli 0-0: Called Strike
0-1: Ball
1-1: Ground out 5-3 (Groundball, 56S, EV 84.4 MPH)
Top of the 3rd over - 0 runs, 0 hits, 0 errors, 0 left on base; Salem-Keizer 0 - State College 0
BOTTOM OF THE 3RD
State College Spikes batting - Pitching for Salem-Keizer Volcanoes : RHP Davion Jones
Batting: RHB Mario Carbajal 0-0: Foul Ball, location: 2F
0-1: Called Strike
0-2: Ball
1-2: Ball
2-2: Strikes out swinging
Batting: RHB Edgar Klockow 0-0: Ball
1-0: Foul Ball, location: 2F
1-1: SINGLE (Line Drive, 89M, EV 101.9 MPH)
Batting: RHB John James 0-0: Swinging Strike
0-1: Ball
1-1: Ground out 4-3 (Groundball, 13, EV 77.5 MPH)
Edgar Klockow to second
Batting: RHB Ben Politi 0-0: Foul Ball, location: 2F
0-1: Ball
1-1: Ball
2-1: Foul Ball, location: 2F
2-2: 2-RUN HOME RUN (Flyball, 89XD, EV 100.0 MPH), Distance : 403 ft
Batting: RHB Shou-feng Chang 0-0: Ball
1-0: Ball
2-0: Called Strike
2-1: Ball
3-1: SINGLE (Groundball, 56, EV 103.1 MPH)
Batting: LHB Ken Morehead 0-0: Called Strike
0-1: Ball
1-1: Foul Ball, location: 2F
1-2: Strikes out swinging
Bottom of the 3rd over - 2 runs, 3 hits, 0 errors, 1 left on base; Salem-Keizer 0 - State College 2
TOP OF THE 4TH
Salem-Keizer Volcanoes batting - Pitching for State College Spikes : LHP Eddie San Miguel
Batting: RHB Tony Logan 0-0: Foul Ball, location: 2F
0-1: Called Strike
0-2: Ball
1-2: Foul Ball, location: 2F
1-2: Strikes out swinging
Batting: LHB Adrian Navarro 0-0: Called Strike
0-1: SINGLE (Flyball, 8LS, EV 91.9 MPH)
Batting: LHB Ben Radach 0-0: Ball
1-0: Ball
2-0: Ball
3-0: Called Strike
3-1: Base on Balls
Adrian Navarro to second
Batting: LHB Chris Raymond 0-0: Ball
1-0: Ball
2-0: Foul Ball, location: 2F
2-1: Called Strike
2-2: Ball
3-2: Strikes out swinging
Batting: LHB Mike Sammons 0-0: Foul Ball, location: 2F
0-1: Ground out 3-1 (Groundball, 34S, EV 91.2 MPH)
Top of the 4th over - 0 runs, 1 hit, 0 errors, 2 left on base; Salem-Keizer 0 - State College 2
BOTTOM OF THE 4TH
State College Spikes batting - Pitching for Salem-Keizer Volcanoes : RHP Davion Jones
Batting: SHB Justin Houser 0-0: Foul Ball, location: 2F
0-1: Called Strike
0-2: Strikes out swinging
Batting: RHB Nelson Salamanca 0-0: Ball
1-0: Called Strike
1-1: Foul Ball, location: 2F
1-2: Foul Ball, location: 2F
1-2: Ball
2-2: Ball
3-2: Strikes out swinging
Batting: RHB Sal Guzman 0-0: Ball
1-0: Called Strike
1-1: Ground out 6-3 (Groundball, 6, EV 85.6 MPH)
Bottom of the 4th over - 0 runs, 0 hits, 0 errors, 0 left on base; Salem-Keizer 0 - State College 2
TOP OF THE 5TH
Salem-Keizer Volcanoes batting - Pitching for State College Spikes : LHP Eddie San Miguel
Batting: RHB Andy Cunningham 0-0: Called Strike
0-1: Called Strike
0-2: Ground out 5-3 (Groundball, 56, EV 94.4 MPH)
Batting: RHB Matt Fabre 0-0: Foul Ball, location: 2F
0-1: Ball
1-1: Ground out U3 (Groundball, 34S, EV 91.2 MPH)
Batting: LHB Joe Hoover 0-0: Swinging Strike
0-1: Ground out U3 (Groundball, 34S, EV 83.8 MPH)
Top of the 5th over - 0 runs, 0 hits, 0 errors, 0 left on base; Salem-Keizer 0 - State College 2
BOTTOM OF THE 5TH
State College Spikes batting - Pitching for Salem-Keizer Volcanoes : RHP Davion Jones
Batting: RHB Mario Carbajal 0-0: DOUBLE (Groundball, 5L, EV 99.4 MPH)
Batting: RHB Edgar Klockow 0-0: Called Strike
0-1: Foul Ball, location: 2F
0-2: Ball
1-2: Fly out, F8 (Flyball, 8RD, EV 94.4 MPH)
Batting: RHB John James 0-0: Called Strike
0-1: Ball
1-1: Foul Ball, location: 2F
1-2: Strikes out looking
Batting: RHB Ben Politi 0-0: Foul Ball, location: 2F
0-1: Swinging Strike
0-2: Strikes out swinging
Bottom of the 5th over - 0 runs, 1 hit, 0 errors, 1 left on base; Salem-Keizer 0 - State College 2
TOP OF THE 6TH
Salem-Keizer Volcanoes batting - Pitching for State College Spikes : LHP Eddie San Miguel
Batting: RHB Adrian Martinelli 0-0: Ball
1-0: Swinging Strike
1-1: Foul Ball, location: 2F
1-2: Foul Ball, location: 2F
1-2: Ball
2-2: Foul Ball, location: 2F
2-2: Strikes out swinging
Batting: RHB Tony Logan 0-0: Ball
1-0: Called Strike
1-1: SINGLE (Line Drive, 78S, EV 96.9 MPH)
Batting: LHB Adrian Navarro 0-0: Foul Ball, location: 2F
0-1: Foul Ball, location: 2F
0-2: DOUBLE (Line Drive, 7LM, EV 104.4 MPH)
Tony Logan to third
Runner from 3rd tries for Home, SAFE, no throw by LF
Batting: LHB Ben Radach 0-0: Called Strike
0-1: Swinging Strike
0-2: Foul Ball, location: 2F
0-2: Ball
1-2: Ball
2-2: Strikes out swinging
Batting: LHB Chris Raymond 0-0: Called Strike
0-1: Ball
Passed Ball!
Adrian Navarro to third
1-1: Foul Ball, location: 2F
1-2: Ball
2-2: Ball
3-2: Foul Ball, location: 2F
3-2: Strikes out swinging
Top of the 6th over - 1 run, 2 hits, 0 errors, 1 left on base; Salem-Keizer 1 - State College 2
BOTTOM OF THE 6TH
State College Spikes batting - Pitching for Salem-Keizer Volcanoes : RHP Davion Jones
Batting: RHB Shou-feng Chang 0-0: Swinging Strike
0-1: Ball
1-1: Ball
2-1: Foul Ball, location: 2F
2-2: Foul Ball, location: 2F
2-2: Fly out, F9 (Flyball, 9, EV 85.6 MPH)
Pitching: LHP Martin Garcia
Batting: LHB Ken Morehead 0-0: Ball
1-0: Swinging Strike
1-1: Swinging Strike
1-2: Strikes out looking
Batting: SHB Justin Houser 0-0: Swinging Strike
0-1: Ball
1-1: Foul Ball, location: 2F
1-2: Strikes out swinging
Bottom of the 6th over - 0 runs, 0 hits, 0 errors, 0 left on base; Salem-Keizer 1 - State College 2
TOP OF THE 7TH
Salem-Keizer Volcanoes batting - Pitching for State College Spikes : LHP Eddie San Miguel
Batting: LHB Mike Sammons 0-0: Ground out 6-3 (Groundball, 56, EV 104.4 MPH)
Batting: RHB Andy Cunningham 0-0: Ball
1-0: Swinging Strike
1-1: Called Strike
1-2: Strikes out swinging
Batting: RHB Matt Fabre 0-0: Ball
1-0: Swinging Strike
1-1: Foul Ball, location: 2F
1-2: Strikes out swinging
Top of the 7th over - 0 runs, 0 hits, 0 errors, 0 left on base; Salem-Keizer 1 - State College 2
BOTTOM OF THE 7TH
State College Spikes batting - Pitching for Salem-Keizer Volcanoes : LHP Martin Garcia
Batting: RHB Nelson Salamanca 0-0: Ball
1-0: Ball
2-0: Called Strike
2-1: Ball
3-1: Swinging Strike
3-2: Base on Balls
Batting: RHB Sal Guzman 0-0: Ball
1-0: Swinging Strike
Passed Ball!
Nelson Salamanca to second
1-1: Foul Ball, location: 2F
1-2: SINGLE (Groundball, 6MD, EV 110.0 MPH)
Nelson Salamanca to third
Throwing error, E8
Nelson Salamanca scores
Sal Guzman to second
Batting: RHB Mario Carbajal 0-0: Intentional Walk
Batting: RHB Edgar Klockow 0-0: Called Strike
0-1: Ball
1-1: Ball
2-1: Foul Ball, location: 2F
2-2: Strikes out swinging
Batting: RHB John James 0-0: Called Strike
0-1: Called Strike
0-2: Ball
1-2: Strikes out looking
Batting: RHB Ben Politi 0-0: Ball
1-0: Ball
2-0: Foul Ball, location: 2F
2-1: Called Strike
2-2: Foul Ball, location: 2F
2-2: Foul Ball, location: 2F
2-2: Fielders Choice at 2nd, 6-4 (Groundball, 6, EV 89.4 MPH)
Bottom of the 7th over - 1 run, 1 hit, 1 error, 2 left on base; Salem-Keizer 1 - State College 3
TOP OF THE 8TH
Salem-Keizer Volcanoes batting - Pitching for State College Spikes : LHP Eddie San Miguel
Pinch Hitting: RHB Mario Saez 0-0: Called Strike
0-1: Swinging Strike
0-2: Strikes out swinging
Pitching: RHP Jace Daniels
Pinch Hitting: LHB Chris Morgan 0-0: Foul Ball, location: 2F
0-1: Ball
1-1: Ball
2-1: Called Strike
2-2: Strikes out swinging
Batting: RHB Tony Logan 0-0: Swinging Strike
0-1: Fly out, F4 (Popup, 4S, EV 83.8 MPH)
Top of the 8th over - 0 runs, 0 hits, 0 errors, 0 left on base; Salem-Keizer 1 - State College 3
BOTTOM OF THE 8TH
State College Spikes batting - Pitching for Salem-Keizer Volcanoes : LHP Martin Garcia
Now at 1B: Chris Morgan
Now at 3B: Tony Logan
Now in LF: Mario Saez
Batting: RHB Shou-feng Chang 0-0: Swinging Strike
0-1: Ground out 5-3 (Groundball, 56, EV 86.2 MPH)
Batting: LHB Ken Morehead 0-0: Ball
1-0: Ball
2-0: Ball
3-0: Called Strike
3-1: Base on Balls
Pitching: RHP Devon Blakeney
Batting: SHB Justin Houser 0-0: Foul Ball, location: 2F
0-1: Foul Ball, location: 2F
0-2: Foul Ball, location: 2F
0-2: Ball
1-2: Foul Ball, location: 2F
1-2: Foul Ball, location: 2F
1-2: Strikes out swinging
Batting: RHB Nelson Salamanca 0-0: Ball
1-0: Ball
2-0: Ball
3-0: Called Strike
3-1: Foul Ball, location: 2F
3-2: Foul Ball, location: 2F
3-2: Strikes out swinging
Bottom of the 8th over - 0 runs, 0 hits, 0 errors, 1 left on base; Salem-Keizer 1 - State College 3
TOP OF THE 9TH
Salem-Keizer Volcanoes batting - Pitching for State College Spikes : RHP Jace Daniels
Pitching: LHP Ken Compton
Now at 1B: Justin Houser
Now at SS: Nick Latulippe
Batting: LHB Adrian Navarro 0-0: Foul Ball, location: 2F
0-1: Foul Ball, location: 2F
0-2: Ball
1-2: Ball
2-2: Foul Ball, location: 2F
2-2: Foul Ball, location: 2F
2-2: Ball
3-2: Foul Ball, location: 2F
3-2: Fly out, F9 (Flyball, 9LMF, EV 97.5 MPH)
Batting: LHB Ben Radach 0-0: Foul Ball, location: 2F
0-1: Foul Ball, location: 2F
0-2: Ground out U3 (Groundball, 3, EV 107.5 MPH)
Batting: LHB Chris Raymond 0-0: Called Strike
0-1: Ball
1-1: Fly out, F7 (Flyball, 7S, EV 95.6 MPH)
Top of the 9th over - 0 runs, 0 hits, 0 errors, 0 left on base; Salem-Keizer 1 - State College 3
Sunday, July 16th , 2023 - OOTP Baseball 24.6 Build 69